 Dungeon Crawl Stone Soup version 0.30-a0-29-g142975f185 (webtiles) character file.

Game seed: 12851756385580222623

7737 kae the Arsonist (level 10, -7/83 HPs)
             Began as a Demigod Fire Elementalist on Aug 25, 2022.
             Mangled by a yak (10 damage)
             ... on level 9 of the Dungeon.
             The game lasted 00:11:03 (14917 turns).

kae the Arsonist (Demigod Fire Elementalist)       Turns: 14917, Time: 00:11:04

Health: -7/83      AC:  4    Str:  9    XL:     10   Next: 69%
Magic:  0/22       EV: 12    Int: 29    God:
Gold:   894        SH:  8    Dex: 14    Spells: 8/21 levels left

rFire   . . .      SeeInvis .    B - +1 whip (elec)
rCold   . . .      Faith    .    (no shield)
rNeg    . . .      Spirit   +    a - +0 robe
rPois   .          Reflect  .    A - +2 hat
rElec   .          Harm     .    (no cloak)
rCorr   .          Rampage  .    (no gloves)
Will    +....                    (no boots)
Stlth   ++........               t - brooch of Shielding {Spirit SH+8}
HPRegen 0.23/turn                (no ring)
MPRegen 0.18/turn                (no ring)

@: no status effects
A: high MP 1, forlorn, divine attributes
a: no special abilities


You were on level 9 of the Dungeon.
You visited 1 branch of the dungeon, and saw 10 of its levels.
You also visited: Bailey.

You collected 894 gold pieces.


Innate Abilities, Weirdness & Mutations

You have an increased reservoir of magic. (+10% MP)
You shall have no god before yourself.
Your divine heritage dramatically boosts your attributes as you level up.


   Skills:
 + Level 6.2 Fighting
 - Level 1.7 Dodging
 - Level 1.7 Stealth
 + Level 6.0 Spellcasting
 * Level 9.1 Conjurations
 * Level 9.5 Fire Magic


You had 8 spell levels left.
You knew the following spells:

 Your Spells              Type           Power      Damage    Failure   Level
a - Foxfire               Conj/Fire      100%       2x1d9     1%          1
b - Scorch                Fire           100%       2d10      1%          2
c - Conjure Flame         Conj/Fire      58%        6-21      1%          3
d - Inner Flame           Hex/Fire       36%        N/A       2%          3
e - Flame Wave            Conj/Fire      58%        2d14      1%          4

Your spell library contained the following spells:

 Spells                   Type           Power      Damage    Failure   Level
 Magic Dart               Conj           100%       1d8       1%          1
 Dazzling Flash           Conj/Hex       70%        N/A       2%          3
 Stone Arrow              Conj/Erth      70%        3d11      2%          3
 Fireball                 Conj/Fire      29%        3d13      3%          5
 Ensorcelled Hibernation  Hex/Ice        16%        N/A       9%          2
 Poisonous Vapours        Pois/Air       16%        N/A       9%          2
 Hailstorm                Conj/Ice       35%        3d9       9%          4
 Iskenderun's Mystic Bla  Conj/Tloc      35%        2d8       9%          4
 Gell's Gravitas          Tloc           8%         N/A       17%         3
 Spider Form              Tmut/Pois      8%         N/A       17%         3
 Teleport Other           Tloc           8%         N/A       17%         3
 Starburst                Conj/Fire      29%        6d9       19%         6
 Anguish                  Hex/Necr       4%         N/A       50%         4
 Dispersal                Tloc           4%         N/A       100%        6

Inventory:

Hand Weapons
 B - a +1 whip of electrocution (weapon)
   (You took it off an orc on level 7 of the Dungeon)
Missiles
 e - 100 stones
 f - 33 poisoned darts
 h - 7 javelins
 k - 11 curare-tipped darts {=f}
 o - 3 silver boomerangs
 r - 27 boomerangs
 y - a throwing net {=f!f}
 G - 4 atropa-tipped darts
Armour
 a - a +0 robe (worn)
 A - a +2 hat (worn)
   (You found it on level 6 of the Dungeon)
Jewellery
 t - the brooch of Shielding (around neck) {Spirit SH+8}
   (You found it on level 7 of the Dungeon)

   [amulet of guardian spirit]

   It causes incoming damage to be divided between your reserves of health and
   magic.
   SH:        It affects your SH (+8).
 T - an amulet of faith {!P}
   (You found it on level 9 of the Dungeon)
Wands
 n - a wand of paralysis (9)
   (You took it off an orc on level 4 of the Dungeon)
 u - a wand of polymorph (6)
   (You found it on level 5 of the Dungeon)
 w - a wand of quicksilver (10)
   (You took it off a gnoll on level 7 of the Dungeon)
 F - a wand of mindburst (8)
   (You found it on level 9 of the Dungeon)
Scrolls
 c - 2 scrolls of poison {!r}
 d - 8 scrolls of identify {@r1}
 s - a scroll of brand weapon
 x - 3 scrolls of teleportation {@r4}
 z - a scroll of vulnerability {!r!r}
 E - 2 scrolls of enchant armour
 H - a scroll of fear {unknown}
Potions
 b - 2 potions of magic
 g - 2 potions of cancellation
 i - 6 potions of curing {@q1}
 j - a potion of heal wounds {@q2}
 l - 3 potions of degeneration {!q}
 m - 8 potions of flight
 p - 4 potions of attraction {!q}
 q - a potion of mutation {!q}
 D - 2 potions of lignification {unknown}
 I - a potion of ambrosia {unknown}
 J - a potion of brilliance
Miscellaneous
 C - a box of beasts
   (You found it in a bailey)

Dungeon Overview and Level Annotations

Branches:
Dungeon (10/15) Zot: 25039  Temple (0/1) D:4            Lair (0/5) D:9
 Bailey (visited)
    Orc: D:9-12

Annotations:
D:7 3 runed translucent doors, Jeffersonvaz's ghost, novice OpEE; sanka's ghost, novice GnCj

[........#
#...........###...'..
.........#
#...........##..###..
.........####...........##.##
#..
.........#..'...........##.#
#..
........)#.##........[[.#..#
#..
.........#.##........[..#.##
#..
.........#>##....#####..#.#
#..
.........#[##..YY#...#..'.#
#..
.........'.##...@#._.#..###
#.# <........####....#...#..#
####.# ##########
######..§#######§.#.#
#.....§.§§§§§§§§§#.#
#._...#§§§§§§§§§§..#
#......§§§§§§§§§§###
#####..§#######§§# #...# ####
#.8.#


You could see 2 yaks.


Message History

You can't see any susceptible monsters within range! (Use Z to cast anyway.)
Casting: Foxfire (safe; 1% risk of failure)
Confirm with . or Enter, or press ? or * to list all spells.
You conjure some foxfire!
The foxfire hits the yak but does no damage.
The foxfire hits the yak but does no damage. x2 😎 MP[-1]
You lost 1 mp, and now have 20/22 mp.
Casting: Foxfire (safe; 1% risk of failure)
Confirm with . or Enter, or press ? or * to list all spells.
Flames lash the yak.
The yak's fire resistance burns away.
The yak gores you! 😕 HP[-6] MP[-3]
You take 6 damage, and now have 77/83 hp.
You lost 3 mp, and now have 17/22 mp.
Casting: Scorch (safe; 1% risk of failure)
Confirm with . or Enter, or press ? or * to list all spells.
Flames lash the yak.
The yak is burned terribly!
The yak misses you. The yak gores you. 😕 HP[-2] MP[-2]
You take 2 damage, and now have 75/83 hp.
You lost 2 mp, and now have 15/22 mp.
Casting: Scorch (safe; 1% risk of failure)
Confirm with . or Enter, or press ? or * to list all spells.
Flames lash the yak.
The yak gores you. The yak gores you! 😮 HP[-13] MP[-5]
You take 13 damage, and now have 62/83 hp.
You lost 5 mp, and now have 10/22 mp.
Casting: Scorch (safe; 1% risk of failure)
Confirm with . or Enter, or press ? or * to list all spells.
Flames lash the yak.
The yak is burned terribly!
The yak gores you! The yak gores you.
You block the yak's attack. 😮 HP[-10] MP[-3]
You take 10 damage, and now have 52/83 hp.
You lost 3 mp, and now have 7/22 mp.
The yak gores you!
* * * LOW HITPOINT WARNING * * *
The yak gores you but does no damage.
You climb upwards.
There is a stone staircase leading down here. 😨 HP[-11] MP[-1]
You take 11 damage, and now have 41/83 hp.
You lost 1 mp, and now have 6/22 mp.
Casting: Scorch (safe; 1% risk of failure)
Confirm with . or Enter, or press ? or * to list all spells.
Flames lash the yak.
The yak's fire resistance burns away.
The yak barely misses you. The yak gores you.
* * * LOW HITPOINT WARNING * * *
The yak gores you.
* * * LOW HITPOINT WARNING * * *
The yak gores you!
* * * LOW HITPOINT WARNING * * *
😨 HP[-15] MP[-3]
You take 15 damage, and now have 26/83 hp.
You lost 3 mp, and now have 3/22 mp.
Casting: Scorch (safe; 1% risk of failure)
Confirm with . or Enter, or press ? or * to list all spells.
You conjure some foxfire!
The yak gores you!
* * * LOW HITPOINT WARNING * * *
The yak closely misses you.
The foxfire hits the yak.
The yak is burned terribly!
The foxfire hits the yak but does no damage.
The yak closely misses you. x2 😱 HP[-6] MP[-2]
You take 6 damage, and now have 20/83 hp.
You lost 2 mp, and now have 1/22 mp.
Casting: Foxfire (safe; 1% risk of failure)
Confirm with . or Enter, or press ? or * to list all spells.
You conjure some foxfire!
The yak gores you.
* * * LOW HITPOINT WARNING * * *
You block the yak's attack.
The foxfire hits the yak!
The yak is burned terribly!
The foxfire hits the yak!
The yak is burned terribly!
You block the yak's attack. x2 😱 MP[-1]
You lost 1 mp, and now have 0/22 mp.
Casting: Foxfire (safe; 1% risk of failure)
Confirm with . or Enter, or press ? or * to list all spells.
You don't have enough magic to cast this spell.
You hit the yak.
The yak is no longer more vulnerable to fire.
The yak barely misses you. You block the yak's attack. 😱 MP[+1]
You hit the yak but do no damage. The yak gores you.
* * * LOW HITPOINT WARNING * * *
The yak gores you!
* * * LOW HITPOINT WARNING * * *
😱 HP[-14]
You take 14 damage, and now have 6/83 hp.
You hit the yak. The yak gores you.
* * * LOW HITPOINT WARNING * * *
The yak barely misses you. 😱 HP[-4] MP[-1]
You take 4 damage, and now have 2/83 hp.
You lost 1 mp, and now have 0/22 mp.
Unknown command.
You completely miss the yak.
The yak is no longer more vulnerable to fire.
The yak gores you!
You die...

Skill      XL: |  1  2  3  4  5  6  7  8  9 10 |
---------------+-------------------------------+-----
Conjurations   | 1 2 3 4 5 6 8 9 |  9.1
Spellcasting   | 2 3 4 5 6 |  6.0
Fire Magic     | 3 4 5 7 8 9 |  9.5
Fighting       | 1 2 3 4 5 6 |  6.2
Dodging        | |  1.7
Stealth        | |  1.7

Action                   |  1- 3 |  4- 6 |  7- 9 | 10-12 || total
-------------------------+-------+-------+-------+-------++-------
Melee: Unarmed           |     1 |       |       |       ||     1
       Whip              |       |       |     8 |    28 ||    36
 Cast: Foxfire           |    43 |    86 |   230 |    31 ||   390
       Scorch            |     7 |    22 |    99 |    20 ||   148
       Conjure Flame     |       |     2 |    22 |     3 ||    27
       Flame Wave        |       |       |     7 |     2 ||     9
       Inner Flame       |       |       |       |     5 ||     5
  Use: Potion            |     3 |       |     5 |     2 ||    10
       Scroll            |       |    11 |     6 |     3 ||    20
Armor: Robe              |     6 |    13 |    22 |     6 ||    47
Dodge: Dodged            |    17 |    20 |   103 |    37 ||   177
Block: Other             |       |       |    20 |    38 ||    58

Levels and vault maps discovered:
D:1:      dpeg_arrival_round_a, layout_loops_ring, serial_bayou_crossing
D:2:      layout_basic, basic_altar, serial_park_tiny_pond, solitary_fountain,
          minmay_statues_item
D:3:      layout_rooms, elyvilon_altar_1,
          hellmonk_ecumenical_altar_leap_of_faith, uniq_sigmund, uniq_jessica
D:4:      layout_loops_ring, fedhas_altar_1, trog_ov_bears_minmay,
          minmay_temple_entry_hall, dk_vineyard_1
D:5:      layout_layer_cave
D:6:      layout_basic, tso_altar
D:7:      layout_basic, gammafunk_ghost_cemetery, kennysheep_big_empty_room,
          uniq_prince_ribbit1
D:8:      layout_gridville, marbit_many_paths, enter_bailey_4
D:9:      layout_roguey, beargit_hepliaklqana_dungeon_heroes,
          erik_lair_orcish_takeover, dk_rats_in_the_wall
D:10:     layout_irregular_city, okawaru_gym_becter,
          mainiacjoe_overflow_alcove_4, zin_treasury, orc_david_3,
          grunt_tough_drop, uniq_sonja, uniq_fannar

Notes
Turn   | Place    | Note
-------+----------+-------------------------------------------
     0 | D:1      | kae the Demigod Fire Elementalist began the quest for the
                  | Orb.
     0 | D:1      | Reached XP level 1. HP: 14/14 MP: 5/5
     0 | D:1      | magus.rc [v1.11.3]
    19 | D:1      | Reached skill level 1 in Conjurations
   474 | D:1      | Reached XP level 2. HP: 22/22 MP: 2/7
   518 | D:1      | Reached skill level 2 in Spellcasting
   559 | D:1      | Reached skill level 3 in Fire Magic
   935 | D:1      | Learned a level 2 spell: Scorch
  1158 | D:2      | Reached skill level 2 in Conjurations
  1158 | D:2      | Reached XP level 3. HP: 27/27 MP: 3/8
  1160 | D:2      | Reached skill level 1 in Fighting
  1236 | D:1      | HP: 4/28 [orc wizard/puff of flame (11)]
  1243 | D:1      | Reached XP level 4. HP: 5/35 MP: 0/10
  1957 | D:2      | Identified the +3 short sword of the Inviting Gods {venom,
                  | rElec rN++ Dex+2}
  2150 | D:2      | Reached XP level 5. HP: 40/40 MP: 7/11
  2716 | D:3      | Identified a scroll of acquirement
  2716 | D:3      | Acquired the Folio of Putrid Attacks
  2717 | D:3      | You add the spells Magic Dart, Poisonous Vapours, Stone
                  | Arrow, Iskenderun's Mystic Blast, Hailstorm and Fireball to
                  | your library.
  2939 | D:3      | Reached skill level 3 in Conjurations
  2975 | D:3      | You pick up a book of Spectacle and begin reading...
  2975 | D:3      | You add the spells Dazzling Flash and Starburst to your
                  | library.
  3024 | D:3      | Noticed Sigmund
  3098 | D:3      | Noticed Jessica
  3099 | D:3      | Killed Jessica
  3100 | D:3      | Reached skill level 4 in Fire Magic
  3326 | D:3      | Killed Sigmund
  3327 | D:3      | Reached skill level 2 in Fighting
  3327 | D:3      | Reached XP level 6. HP: 37/48 MP: 5/13
  3406 | D:3      | You pick up a book of Dreams and begin reading...
  3406 | D:3      | You add the spells Ensorcelled Hibernation, Spider Form and
                  | Anguish to your library.
  3449 | D:4      | Learned a level 3 spell: Conjure Flame
  3453 | D:4      | Learned a level 3 spell: Inner Flame
  3736 | D:4      | You add the spells Gell's Gravitas, Teleport Other and
                  | Dispersal to your library.
  3776 | D:4      | Reached skill level 3 in Spellcasting
  3964 | D:4      | Reached skill level 4 in Conjurations
  4132 | D:4      | Found a staircase to the Ecumenical Temple.
  4334 | D:4      | Reached XP level 7. HP: 56/56 MP: 10/14
  4461 | D:5      | Entered Level 5 of the Dungeon
  4551 | D:5      | Identified the +4 rapier "Luplo" {elec, rElec}
  4556 | D:5      | Reached skill level 5 in Fire Magic
  4761 | D:5      | Reached skill level 3 in Fighting
  5116 | D:5      | Reached skill level 5 in Conjurations
  5803 | D:6      | Reached XP level 8. HP: 51/63 MP: 10/17
  5877 | D:5      | HP: 14/63 [poisoned by a gnoll sergeant]
  6069 | D:6      | Reached skill level 6 in Fire Magic
  6410 | D:6      | Reached skill level 4 in Spellcasting
  6703 | D:6      | Reached skill level 6 in Conjurations
  6827 | D:6      | Reached skill level 4 in Fighting
  7439 | D:7      | Found a runed translucent gate.
  7439 | D:7      | Found a runed translucent gate.
  7458 | D:6      | HP: 15/66 [kobold/+0 dagger (2)]
  7462 | D:6      | HP: 4/66 [kobold brigand/+0 dagger (5)]
  7766 | D:7      | HP: 7/66 [gnoll/+0 whip (10)]
  8067 | D:7      | Found the brooch of Shielding {Spirit SH+8}
  8227 | D:7      | Noticed Prince Ribbit
  8253 | D:7      | Killed Prince Ribbit
  8254 | D:7      | Reached skill level 7 in Fire Magic
  8254 | D:7      | Reached XP level 9. HP: 72/72 MP: 12/19
  8619 | D:7      | Learned a level 4 spell: Flame Wave
  8748 | D:7      | Found a runed translucent gate.
  8762 | D:7      | Noticed Jeffersonvaz's ghost (novice OpEE)
  8762 | D:7      | Noticed sanka's ghost (novice GnCj)
  9296 | D:8      | Found a flagged portal.
  9402 | Bailey   | Entered a bailey
  9907 | Bailey   | Reached skill level 7 in Conjurations
 10693 | D:8      | HP: 7/73 [orc warrior/+0 scimitar (15)]
 11273 | D:8      | Reached skill level 5 in Fighting
 11273 | D:8      | Reached skill level 5 in Spellcasting
 11414 | D:8      | Reached skill level 8 in Fire Magic
 12079 | D:9      | HP: 11/74 [warg (8)]
 12084 | D:9      | HP: 17/74 [orc/+0 war axe (6)]
 12089 | D:9      | HP: 14/74 [orc/+0 war axe (4)]
 12097 | D:9      | HP: 9/74 [orc priest/+0 flail (7)]
 12471 | D:9      | Found a staircase to the Lair.
 12541 | D:9      | Reached skill level 8 in Conjurations
 12913 | D:9      | Reached XP level 10. HP: 81/81 MP: 18/21
 12971 | D:10     | Entered Level 10 of the Dungeon
 13056 | D:10     | Noticed a manticore
 13074 | D:10     | Noticed Sonja
 13088 | D:10     | HP: 18/81 [cloud of flame (12)]
 13412 | D:10     | Killed Sonja
 13454 | D:10     | Killed a manticore
 13710 | D:10     | Reached skill level 9 in Fire Magic
 13711 | D:10     | Noticed an orc knight
 14031 | D:10     | Noticed a purple ugly thing
 14080 | D:10     | Killed a purple ugly thing
 14095 | D:10     | Reached skill level 6 in Fighting
 14130 | D:9      | HP: 12/83 [orc warrior/+0 morningstar (16)]
 14131 | D:9      | HP: 1/83 [orc warrior/+0 morningstar (11)]
 14521 | D:10     | Reached skill level 9 in Conjurations
 14609 | D:10     | Reached skill level 6 in Spellcasting
 14656 | D:10     | HP: 20/83 [orc warrior/+0 halberd (12)]
 14659 | D:10     | HP: 7/83 [something/magic dart (3)]
 14910 | D:9      | HP: 20/83 [yak (6)]
 14915 | D:9      | HP: 17/83 [yak (3)]
 14915 | D:9      | HP: 6/83 [yak (11)]
 14916 | D:9      | HP: 2/83 [yak (4)]
 14917 | D:9      | Mangled by a yak

Vanquished Creatures
  Sonja (D:10)
  A manticore (D:10)
  An ugly thing (D:10)
  A troll (D:10)
  2 hornets (D:10)
  Prince Ribbit (D:7)
  Sigmund (D:3)
  7 yaks
  A wyvern (D:8)
  2 wargs (D:9)
  2 water moccasins (D:5)
  2 black bears (D:4)
  12 orc warriors
  A sky beast (D:6)
  A centaur (D:8)
  2 ogres
  2 phantoms
  5 kobold brigands
  4 scorpions
  A bullfrog (D:9)
  A necrophage (D:7)
  A gnoll sergeant (D:6)
  3 wights (D:6)
  2 howler monkeys
  2 hounds
  7 orc priests
  Jessica (D:3)
  2 iguanas (D:5)
  13 orc wizards
  10 gnolls
  11 adders
  A shadow imp (D:5)
  A white imp (D:6)
  4 dart slugs
  38 orcs
  4 bats (D:2)
  5 endoplasms
  3 giant cockroaches
  16 goblins
  8 hobgoblins
  4 jackals
  A quokka (D:1)
  8 ball pythons
  A frilled lizard (D:1)
  41 kobolds
  5 rats
243 creatures vanquished.

Vanquished Creatures (others)
  An orc (D:7)
  680 foxfires
  A plant (D:3)
  6 withered plants (D:7)
688 creatures vanquished.

Grand Total: 931 creatures vanquished

Table legend:
 A = Non-vault XP
 B = Vault XP
 C = Vault XP percentage of total XP
 D = Non-vault monster count
 E = Vault monster count
 F = Vault count percentage of total count
                 A         B        C        D         E       F
            +---------+---------+-------+---------+---------+-------
      Total |    7759 |    3294 |  29.8 |     192 |      52 |  21.3
            +---------+---------+-------+---------+---------+-------
        D:1 |      81 |       0 |   0.0 |      20 |       0 |   0.0
        D:2 |     175 |       0 |   0.0 |      27 |       0 |   0.0
        D:3 |      34 |     260 |  88.4 |      11 |       2 |  15.4
        D:4 |      70 |     261 |  78.9 |      12 |       2 |  14.3
        D:5 |     808 |       0 |   0.0 |      16 |       0 |   0.0
        D:6 |    1094 |       0 |   0.0 |      23 |       0 |   0.0
        D:7 |     459 |     259 |  36.1 |      24 |       1 |   4.0
        D:8 |     905 |     139 |  13.3 |      13 |       6 |  31.6
        D:9 |     790 |     871 |  52.4 |      30 |      12 |  28.6
       D:10 |    3343 |     775 |  18.8 |      16 |       2 |  11.1
     Bailey |       0 |     729 | 100.0 |       0 |      27 | 100.0
            +---------+---------+-------+---------+---------+-------

Illustrated notes

Table legend:
 A = Kills in this place as a percentage of kills in entire the game.
 B = Kills by you in this place as a percentage of kills by you in the entire game.
 C = Kills by friends in this place as a percentage of kills by friends in the entire game.
 D = Other kills in this place as a percentage of other kills in the entire game.
 E = Experience gained in this place as a percentage of experience gained in the entire game.
 F = Experience gained in this place divided by the number of levels of this place that you have seen.
                   A       B       C       D       E      F
               +-------+-------+-------+-------+-------+----------------------
         Total | 100.0 | 100.0 |   N/A | 100.0 | 100.0 | 1004.8
       Dungeon |  88.9 |  88.9 |   N/A | 100.0 |  93.4 | 1032.4
        Bailey |  11.1 |  11.1 |   N/A |   0.0 |   6.6 | 729.0
               +-------+-------+-------+-------+-------+----------------------

Table legend: (Time is in decaauts)
 A = Elapsed time spent in this place.
 B = Non-inter-level travel time spent in this place.
 C = Inter-level travel time spent in this place.
 D = Time resting spent in this place.
 E = Time spent auto-exploring this place.
 F = Levels seen in this place.
 G = Mean time per level.
                   A        B        C        D        E       F      G
               +--------+--------+--------+--------+--------+-----+--------+
         Total |  14957 |  14590 |    367 |   1734 |  10744 |  11 | 1359.7 |
       Dungeon |  13715 |  13348 |    367 |   1417 |  10132 |  10 | 1371.5 |
        Bailey |   1241 |   1241 |      0 |    317 |    611 |   1 | 1241.0 |
               +--------+--------+--------+--------+--------+-----+--------+

Top non-repeatable levels by time:
     D:9: 1864 daAuts
     D:8: 1824 daAuts
     D:6: 1783 daAuts
     D:5: 1519 daAuts
     D:1: 1495 daAuts
     D:7: 1443 daAuts
  Bailey: 1241 daAuts
     D:2: 1212 daAuts
     D:4: 905 daAuts
     D:3: 853 daAuts
    D:10: 813 daAuts
